 Dungeon Crawl Stone Soup version 0.25.0-11-g1f837a76a1 (webtiles) character file.

Game seed: 8941956649937482613

413 nikku the Conjurer (level 6, -1/32 HPs)
             Began as a Deep Elf Conjurer on June 25, 2020.
             Slain by an orc priest
             ... wielding a +0 whip
              (2 damage)
             ... on level 4 of the Dungeon.
             The game lasted 00:13:36 (4249 turns).

nikku the Conjurer (Deep Elf Conjurer)              Turns: 4249, Time: 00:13:37

Health: -1/32      AC:  6    Str:  5    XL:     6   Next: 59%
Magic:  5/17       EV: 13    Int: 22    God:
Gold:   222        SH:  0    Dex: 15    Spells: 6/17 levels left

rFire    . . .     SeeInvis .   i - +2 short sword (speed)
rCold    . . .     Gourm    .   (no shield)
rNeg     . . .     Faith    .   a - +0 robe
rPois    .         Spirit   .   d - +1 helmet
rElec    .         Reflect  .   l - +1 cloak
rCorr    .         Harm     .   (no gloves)
MR       .....                  (no boots)
Stlth    ++........             (no amulet)
HPRegen  0.10/turn              (no ring)
MPRegen  0.15/turn              (no ring)

@: no status effects
A: no striking features
a: no special abilities


You were on level 4 of the Dungeon.
You were not hungry.

You visited 1 branch of the dungeon, and saw 4 of its levels.

You collected 222 gold pieces.

Inventory:

Hand Weapons
 i - a +2 short sword of speed (weapon)
Missiles
 p - 9 poisoned darts (quivered)
Armour
 a - a +0 robe (worn)
 d - a +1 helmet (worn)
 l - a +1 cloak (worn)
Wands
 t - a wand of paralysis (9)
Scrolls
 g - 2 scrolls of remove curse
 h - a scroll of fear
 j - a scroll of magic mapping
 k - 3 scrolls of teleportation
 o - a scroll of enchant armour
 r - a scroll of immolation {unknown}
Potions
 b - a potion of cancellation
 e - a potion of ambrosia
 f - a potion of brilliance
 m - a potion of mutation {unknown}
 n - a potion of flight {unknown}
 s - a potion of berserk rage {unknown}
Comestibles
 c - 4 rations


   Skills:
 - Level 2.4 Dodging
 - Level 2.4 Stealth
 + Level 6.0 Spellcasting
 + Level 6.2 Conjurations
 + Level 3.3 Hexes
 + Level 2.7 Translocations


You had 6 spell levels left.
You knew the following spells:

 Your Spells              Type           Power        Failure   Level  Hunger
a - Magic Dart            Conj           ####         1%          1    None
b - Searing Ray           Conj           ####..       1%          2    None
c - Fulminant Prism       Conj/Hex       ####......   13%         4    ###....
d - Iskenderun's Mystic   Conj/Tloc      ####....     14%         4    ###....

Your spell library contained the following spells:

 Spells                   Type           Power        Failure   Level  Hunger
 Dazzling Flash           Conj/Hex       ####..       3%          3    #......


Dungeon Overview and Level Annotations

Branches:
Dungeon (4/15)
 Temple: D:4-7

Altars:
Hepliaklqana
Makhleb
Wu Jian


Message History

The orc priest calls down the wrath of Beogh upon you.
Beogh smites you!
* * * LOW HITPOINT WARNING * * *
Casting: Magic Dart (safe; 1% risk of failure)
Confirm with . or Enter, or press ? or * to list all spells.
Aiming: Magic Dart (safe; 1% risk of failure)
Press: ? - help, Shift-Dir - straight line, f/p - orc priest
Aim: an orc priest, wielding a +0 whip (lightly wounded)
The magic dart hits the orc priest.
The orc priest is moderately wounded.
The orc priest misses you.
Casting: Magic Dart (safe; 1% risk of failure)
Confirm with . or Enter, or press ? or * to list all spells.
Aiming: Magic Dart (safe; 1% risk of failure)
Press: ? - help, Shift-Dir - straight line, f/p - orc priest
Aim: an orc priest, wielding a +0 whip (moderately wounded)
The magic dart hits the orc priest.
The orc priest is severely wounded.
The orc priest hits you with a +0 whip.
You die...

...#.............#..........
...#....#........'..........
.. ######........#..........
....#+####...#..........
.........#...#..........
.........#'###..........
..................######
...)..[...........'.....
......o@..........#.....
..................#.....
..................######
...$..####+#.....##.....
...... #.....#...... ......
#.....#...... .....
#....[[...... .....
#....)####### ###.....)<...


You could see an orc priest.

Vanquished Creatures
  An orc warrior (D:4)
  3 orc priests (D:4)
  2 orc wizards (D:4)
  A worker ant (D:4)
  5 adders
  An ooze (D:1)
  An adder skeleton (D:3)
  5 worms
  2 dart slugs (D:1)
  2 leopard geckos
  12 orcs
  A ball python (D:3)
  5 giant cockroaches
  4 hobgoblins
  3 jackals (D:1)
  2 quokkas (D:2)
  7 bats
  4 frilled lizards
  7 goblins
  4 kobolds
  6 rats
78 creatures vanquished.

Notes
Turn   | Place    | Note
-------+----------+-------------------------------------------
     0 | D:1      | nikku the Deep Elf Conjurer began the quest for the Orb.
     0 | D:1      | Reached XP level 1. HP: 10/10 MP: 6/6
   179 | D:1      | Reached XP level 2. HP: 15/15 MP: 3/8
   398 | D:1      | Learned a level 2 spell: Searing Ray
   709 | D:1      | Reached skill level 5 in Conjurations
   709 | D:1      | Reached XP level 3. HP: 19/19 MP: 0/10
  1293 | D:2      | Found an ornate altar of the Wu Jian Council.
  1326 | D:2      | Found a hazy altar of Hepliaklqana.
  1713 | D:2      | Reached XP level 4. HP: 24/24 MP: 8/12
  2130 | D:3      | Learned a level 4 spell: Fulminant Prism
  2135 | D:3      | Learned a level 4 spell: Iskenderun's Mystic Blast
  2740 | D:3      | Found a burning altar of Makhleb.
  2750 | D:3      | Noticed a blizzard demon
  2754 | D:3      | Noticed a hellwing
  2754 | D:3      | Noticed a ynoxinul
  3044 | D:4      | Reached skill level 1 in Hexes
  3078 | D:4      | Reached skill level 5 in Spellcasting
  3078 | D:4      | Reached skill level 1 in Translocations
  3088 | D:4      | Noticed an orc warrior
  3164 | D:4      | Reached XP level 5. HP: 12/28 MP: 3/14
  3366 | D:4      | Killed an orc warrior
  3514 | D:4      | Reached XP level 6. HP: 32/32 MP: 10/16
  4247 | D:4      | HP: 1/32 [orc priest/divine providence (12)]
  4249 | D:4      | Slain by an orc priest

Illustrated notes

Levels and vault maps discovered:
D:1:      dpeg_arrival_court, layout_loops_ring
D:2:      layout_rooms, minitemple, serial_aquarium, aquarium_bridge_square
          [aquarium_subvault_bridge, aquarium_subvault_window,
          aquarium_subvault_wall, aquarium_subvault_window],
          aquarium_bridge_square [aquarium_subvault_bridge,
          aquarium_subvault_balcony, aquarium_subvault_window,
          aquarium_subvault_wall], aquarium_window_fake, aquarium_window_1,
          aquarium_view_2b
D:3:      layout_basic, makhleb_altar_promises_db, serial_rivers,
          chequers_serial_rivers_micro_a, chequers_serial_rivers_micro_e,
          chequers_serial_rivers_micro_b, chequers_serial_rivers_marsh,
          chequers_serial_rivers_room_a, chequers_serial_rivers_micro_a,
          interstate_on_off
D:4:      layout_gridville, zin_statuary, first_ration,
          chequers_serial_rivers_micro_c

Skill      XL: |  1  2  3  4  5  6 |
---------------+-------------------+-----
Spellcasting   | 4 5 6 |  6.0
Conjurations   | 5 6 |  6.2
Hexes          | 1 2 3 |  3.3
Translocations | 1 2 |  2.7
Dodging        | |  2.4
Stealth        | |  2.4

Action                   |  1- 3 |  4- 6 || total
-------------------------+-------+-------++-------
 Cast: Magic Dart        |    58 |    84 ||   142
       Searing Ray       |     9 |    13 ||    22
  Use: Scroll            |     4 |     8 ||    12
  Eat: Chunk             |     2 |     8 ||    10
Armor: Robe              |     4 |     1 ||     5
Dodge: Dodged            |     4 |     4 ||     8
